 Dungeon Crawl Stone Soup version 0.29.1-12-g30fa7ad0bf (webtiles) character file.

Game seed: 7794907151525655739

18 ChadusMaximus the Shield-Bearer (level 2, -3/27 HPs)
             Began as a Minotaur Fighter on Dec 18, 2022.
             Slain by Sigmund
             ... wielding a +0 scythe
              (7 damage)
             ... on level 2 of the Dungeon.
             The game lasted 00:00:36 (1033 turns).

ChadusMaximus the Shield-Bearer (Minotaur Fighter)  Turns: 1033, Time: 00:00:36

Health: -3/27      AC: 10    Str: 20    XL:     2   Next: 48%
Magic:  1/1        EV:  7    Int:  5    God:
Gold:   82         SH:  4    Dex:  9    Spells: 1/1 levels left

rFire   . . .      SeeInvis .   a - +0 war axe
rCold   . . .      Faith    .   c - +0 buckler
rNeg    . . .      Spirit   .   o - +0 chain mail
rPois   .          Reflect  .   (helmet restricted)
rElec   .          Harm     .   j - +0 cloak
rCorr   .          Rampage  .   (no gloves)
Will    .....                   (no boots)
Stlth   ..........              (no amulet)
HPRegen 0.09/turn               (no ring)
MPRegen 0.07/turn               (no ring)

@: no status effects
A: horns 2, retaliatory headbutt
a: no special abilities


You were on level 2 of the Dungeon.
You visited 1 branch of the dungeon, and saw 2 of its levels.

You collected 82 gold pieces.

Inventory:

Hand Weapons
 a - a +0 war axe (weapon)
Armour
 b - a +0 scale mail
 c - a +0 buckler (worn)
 j - a +0 cloak (worn)
 o - a +0 chain mail (worn)
Jewellery
 n - a ring of wizardry
Wands
 s - a wand of roots (12)
Scrolls
 f - 2 scrolls of teleportation {unknown}
 h - 2 scrolls of identify {unknown}
 k - 3 scrolls of fear {unknown}
 p - a scroll of silence {unknown}
Potions
 d - 2 potions of might
 e - 2 potions of invisibility {unknown}
 g - a potion of curing {unknown}
 i - 3 potions of heal wounds {unknown}
 l - a potion of brilliance {unknown}
 m - a potion of flight {unknown}
 q - a potion of cancellation {unknown}
 r - a potion of haste {unknown}


   Skills:
 + Level 3.9 Fighting
 + Level 2.8 Axes
 + Level 3.9 Armour
 + Level 3.9 Shields


You had one spell level left.
You didn't know any spells.
Your spell library contained the following spells:

 Spells                   Type           Power      Damage    Failure   Level
 Slow                     Hex            0%         N/A       100%        1
 Sting                    Tmut/Pois      0%         1d3       100%        1
 Poisonous Vapours        Pois/Air       0%         N/A       100%        2
 Confusing Touch          Hex            0%         N/A       100%        3
 Dazzling Flash           Conj/Hex       0%         N/A       100%        3
 Vampiric Draining        Necr           0%         2d6       100%        3
 Iskenderun's Mystic Bla  Conj/Tloc      0%         2d3       100%        4
 Olgreb's Toxic Radiance  Pois           0%         N/A       100%        4
 Starburst                Conj/Fire      0%         6d3       100%        6


Dungeon Overview and Level Annotations

Branches:
Dungeon (2/15)

Altars:
Ashenzari

Annotations:
D:2 Sigmund


Innate Abilities, Weirdness & Mutations

You have a pair of horns on your head.
You reflexively headbutt those who attack you in melee.


Message History

You closely miss Sigmund. Your headbutt misses Sigmund.
There are monsters nearby!
You closely miss Sigmund. You barely miss the rat.
Sigmund casts a spell.
Sigmund flickers and vanishes!
Deactivating autopickup; reactivate with Ctrl-A.
The rat barely misses you. You furiously retaliate!
You headbutt the rat, but do no damage. Something hits you.
Unknown command.
You barely miss something. You closely miss the rat.
You block the rat's attack. Something hits you but does no damage.
You block the rat's attack.
You barely miss something. Your headbutt misses something.
You closely miss the rat. The rat bites you but does no damage.
You block something's attack.
You miss something. You barely miss the rat.
The rat bites you but does no damage.
You miss something. You hit the rat.
You kill the rat!
Something hits you!
You hit something but do no damage. Your headbutt misses something.
Something hits you!
You miss something. Something hits you but does no damage.
You miss something. Your headbutt misses something. Something hits you.
* * * LOW HITPOINT WARNING * * *
You hit something.
You hear some strange, mumbled words.
Something tries to affect you, but you resist.
You barely miss something. Something hits you but does no damage.
You miss something. Your headbutt misses something.
Something hits you but does no damage.
You closely miss something. Something hits you.
* * * LOW HITPOINT WARNING * * *
You barely miss something.
You hear some strange, mumbled words.
Something tries to affect you, but you resist.
Something hits you.
* * * LOW HITPOINT WARNING * * *
You barely miss something. You headbutt something. Something hits you!
You die...

#)###......##..
#.# ######.....
##.# ###...
#..# #... ##.##
#...
########..#
#....
#........##
......
#........#
#####..
#......@## ##.
#....|†{# ##
#........
#........#
#.......##
#.......#
#.......#
#.......#


There were no monsters in sight!

Vanquished Creatures
  A dart slug (D:1)
  3 endoplasms
  A goblin (D:2)
  A hobgoblin (D:1)
  A quokka (D:2)
  4 bats (D:1)
  3 kobolds (D:1)
  3 rats
17 creatures vanquished.

Notes
Turn   | Place    | Note
-------+----------+-------------------------------------------
     0 | D:1      | ChadusMaximus the Minotaur Fighter began the quest for the
                  | Orb.
     0 | D:1      | Reached XP level 1. HP: 19/19 MP: 0/0
   437 | D:1      | Reached XP level 2. HP: 27/27 MP: 1/1
   834 | D:2      | Found a broken altar of Ashenzari.
   887 | D:2      | Found a faded altar of an unknown god.
  1017 | D:2      | Noticed Sigmund
  1033 | D:2      | Slain by Sigmund

Illustrated notes

Levels and vault maps discovered:
D:1:      dpeg_arrival_signposts, layout_basic
D:2:      layout_rooms, hellmonk_ecumenical_altar_pennies_from_heaven,
          basic_altar, uniq_sigmund

Action                   || total
-------------------------++-------
Melee: War axe           ||    46
       Headbutt          ||     2
Armor: Scale mail        ||    11
       Chain mail        ||    13
Dodge: Dodged            ||    17
Block: Buckler           ||    10
